[Event "*** SCC Grand Prix: Titled Tuesday Blitz"]
[Site "Chess.com"]
[Date "2020.10.06"]
[Round "5"]
[White "Jovidon91"]
[Black "Mbneu"]
[Result "0-1"]
[WhiteElo "2483"]
[BlackElo "2337"]
[TimeControl "180+1"]
[EndTime "10:56:50 PDT"]
[Termination "Mbneu won by resignation"]

1. d4 Nf6 2. c4 c5 3. Nf3 cxd4 4.
Nxd4 e5 5. Nf3 e4 6. Nd4 d5 7.
Nc3 Bc5 8. e3 Nc6 9. cxd5 Nxd4 10. exd4 Bd6 11. Bb5+ Bd7 12. Bxd7+ Qxd7 13. Bg5 Bb4 14.
Bxf6 gxf6 15. Qe2 Qxd5 16. O-O Bxc3 17. bxc3 O-O 18. Rab1 a6 19. Rb6 Rac8 20. Qe3 Rc6 21. Rxb7 f5 22. Re7 Re6 23. Rxe6 fxe6 24. Qg5+ Kh8 25.
h3 f4 26. Qxd5 exd5 27. Rb1 Rc8 28. Rb6 Rxc3 29. Rd6 e3 30. fxe3 fxe3 31. Re6 Ra3 32. Kh2 Kg7 33. Rxe3 Rxe3 34. h4 Re2 0-1

[Event "*** SCC Grand Prix: Titled Tuesday Blitz"]
[Site "Chess.com"]
[Date "2020.10.06"]
[Round "5"]
[White "nocnypako"]
[Black "exoticprincess"]
[Result "0-1"]
[WhiteElo "2550"]
[BlackElo "2880"]
[TimeControl "180+1"]
[EndTime "10:56:51 PDT"]
[Termination "exoticprincess won on time"]

1. d4 d5 2. c4 c6 3. Nc3 Nf6 4. Nf3 dxc4 5. a4 a5 6. e4 Bg4 7.
Bxc4 e6 8. Be3 Bb4 9. Qc2 Nbd7 10. h3 Bh5 11. g4 Bg6 12. Nd2 Nd5 13. O-O-O Nxe3 14. fxe3 O-O 15. h4 h6 16. Rdg1 b5 17. Bd3 bxa4 18.
h5 Bh7 19. g5 hxg5 20. h6 g6 21. e5 a3 22. bxa3 Bxa3+ 23. Kd1 Rb8 24. Nc4 Be7 25. Ne4 c5 26. Ke2 cxd4 27. exd4 Rb4 28. Rb1 g4 29.
Ncd6 Rxd4 30. Qc3 Rd5 31. Rb5 Rxb5 32. Bxb5 Nb6 33. Qc6 Nd5 34. Rc1 g5 35. Nc5 Nf4+ 36. Kf1 g3 37. Nd7 g2+ 38. Kf2 g4 39. Nxf8 Bxf8 40. Qe8 Qh4+ 41. Ke3 Qg3+ 42. Kd4 g1=Q+ 43. Rxg1 Qxg1+ 44. Kc4 Bd3+ 45. Kb3 Qb1+ 46. Ka3 Qc1+ 47. Kb3 Bc2+ 48. Kc4 Bg6+ 49. Kb3 Qc2+ 50. Ka3 Qc3+ 51. Ka2 Qxe5 52. Nc8 Qd5+ 0-1

[Event "*** SCC Grand Prix: Titled Tuesday Blitz"]
[Site "Chess.com"]
[Date "2020.10.06"]
[Round "5"]
[White "Salem-AR"]
[Black "Gahan-MG"]
[Result "0-1"]
[WhiteElo "2883"]
[BlackElo "2583"]
[TimeControl "180+1"]
[EndTime "10:56:52 PDT"]
[Termination "Gahan-MG won on time"]

1. d4 Nf6 2. c4 g6 3. Nc3 d5 4.
cxd5 Nxd5 5. e4 Nxc3 6. bxc3 Bg7 7. Bc4 c5 8. Ne2 O-O 9. Be3 Nc6 10. Rc1 cxd4 11.
cxd4 Qa5+ 12. Kf1 Rd8 13. h4 h5 14. f3 Bd7 15. Kf2 Be8 16. d5 Ne5 17. Bb3 Bb5 18.
Nf4 Bh6 19. Qd4 Bxf4 20. Bxf4 Nd3+ 21. Kg3 Nxf4 22. Kxf4 Rac8 23. d6 exd6 24. Kg5 Bd3+ 25. Kf6 d5 26. Rxc8 Rxc8 27. Qxd5 Rc6+ 28. Kg5 Qd2+ 29.
f4 Qxg2+ 30. Kh6 g5+ 31. Qxc6 bxc6 32. hxg5 Qxh1 33. g6 Qxe4 34. Bxf7+ Kf8 0-1

[Event "*** SCC Grand Prix: Titled Tuesday Blitz"]
[Site "Chess.com"]
[Date "2020.10.06"]
[Round "5"]
[White "BocharovD"]
[Black "olksuna"]
[Result "1-0"]
[WhiteElo "2809"]
[BlackElo "2624"]
[TimeControl "180+1"]
[EndTime "10:56:54 PDT"]
[Termination "BocharovD won by resignation"]

1. c4 e6 2. Nf3 d5 3. g3 dxc4 4. Bg2 a6 5. O-O Nf6 6. Qc2 Bd6 7. Qxc4 b5 8. Qc2 Bb7 9. Nc3 O-O 10. a4 b4 11. Nd1 c5 12. Ne3 Nc6 13. Nc4 Rc8 14.
b3 Be7 15. Bb2 h6 16. Rfd1 Na5 17. Nfe5 Bxg2 18. Kxg2 Nxc4 19. Nxc4 Qc7 20. Rac1 Qb7+ 21. f3 Rfd8 22. e4 Nd7 23. a5 Qb8 24. d4 cxd4 25. Bxd4 Bf6 26. Be3 Bc3 27. Nb6 Nxb6 28. axb6 Qb7 29.
Rxd8+ Rxd8 30. Rd1 Rc8 31. Qd3 e5 32. Qd7 Rb8 33.
Qc7 Kh7 34. Rd7 Qc8 35. Qxc8 Rxc8 36. b7 Re8 37. Ba7 a5 38. b8=Q Rxb8 39. Bxb8 a4 40.
bxa4 b3 41. Rb7 1-0

[Event "*** SCC Grand Prix: Titled Tuesday Blitz"]
[Site "Chess.com"]
[Date "2020.10.06"]
[Round "5"]
[White "Miss_JJ20"]
[Black "Me_ch_an"]
[Result "1-0"]
[WhiteElo "2475"]
[BlackElo "2321"]
[TimeControl "180+1"]
[EndTime "10:56:54 PDT"]
[Termination "Miss_JJ20 won on time"]

1. e4 c5 2. Nc3 a6 3. Nge2 b5 4. d4 cxd4 5. Nxd4 Bb7 6. a3 e6 7. Be2 Qc7 8. O-O Nf6 9. Bf3 Nc6 10. Be3 Ne5 11. Re1 Nc4 12. e5 Nxe5 13. Bxb7 Qxb7 14. Bg5 Nc4 15. Nf5 O-O-O 16. b3 Nb6 17. Nd6+ Bxd6 18. Qxd6 Qc7 19. Qd4 h6 20. Bf4 d6 21. Bg3 e5 22.
Qd3 Rhe8 23. a4 b4 24. Qxa6+ Qb7 25. Qxb7+ Kxb7 26. Nb5 d5 27. Bxe5 Ne4 28. a5 Rxe5 29. axb6 1-0

[Event "*** SCC Grand Prix: Titled Tuesday Blitz"]
[Site "Chess.com"]
[Date "2020.10.06"]
[Round "5"]
[White "elamier"]
[Black "Roman_Ovetchkin"]
[Result "1/2-1/2"]
[WhiteElo "2345"]
[BlackElo "2594"]
[TimeControl "180+1"]
[EndTime "10:56:55 PDT"]
[Termination "Game drawn by repetition"]

1. d4 Nf6 2. Bg5 Ne4 3. Bf4 c5 4. f3 Qa5+ 5. c3 Nf6 6. d5 e6 7.
e4 exd5 8. exd5 d6 9. Qd2 Be7 10.
c4 Qxd2+ 11. Kxd2 b5 12. Nc3 bxc4 13. Bxc4 Ba6 14. b3 Kd7 15. g4 Bxc4 16. bxc4 Na6 17.
Nge2 h5 18. g5 Nh7 19. h4 Rhb8 20. Rab1 Rb4 21. Kd3 Rab8 22. a3 Rxb1 23. Rxb1 Rxb1 24. Nxb1 f6 25. g6 Nf8 26. Ng3 Nxg6 27. Nxh5 Nxh4 28. Nxg7 Nxf3 29. Nc3 Nc7 30. Ke4 Ne5 31. Bxe5 fxe5 32. Kf5 Bh4 33. Ne4 Na8 34. Ne6 Be7 35. Nd2 Nb6 36.
Ke4 Bh4 37. Kd3 Ke7 38. Ne4 Be1 39. Nc7 Nc8 40. Nb5 Kd7 41. Nf6+ Ke7 42. Ne4 Kd7 43. Nf6+ Ke7 44. Ne4 1/2-1/2

[Event "*** SCC Grand Prix: Titled Tuesday Blitz"]
[Site "Chess.com"]
[Date "2020.10.06"]
[Round "5"]
[White "juli2512"]
[Black "natelleka"]
[Result "0-1"]
[WhiteElo "2036"]
[BlackElo "2213"]
[TimeControl "180+1"]
[EndTime "10:56:55 PDT"]
[Termination "natelleka won on time"]

1. e4 e5 2. Nf3 Nf6 3. Nc3 Bb4 4. d3 d6 5. g3 O-O 6. Bg2 c6 7. O-O h6 8. h3 Be6 9. Kh2 Nbd7 10. Nh4 d5 11.
Nf5 Bxf5 12. exf5 Re8 13. Bd2 Bd6 14. Kh1 Qc7 15. Qe2 e4 16. dxe4 dxe4 17. Nxe4 Nxe4 18. Bxe4 Nf6 19. f3 Bxg3 20. Qg2 Be5 21. Bxh6 Nh5 22. f4 Bxb2 23. Rae1 Kh8 24. Qg4 gxh6 25. Qxh5 Qd6 26. Rg1 Rg8 27. Qxf7 Qf6 28. Qxf6+ Bxf6 29. Rg6 Rae8 30. Re2 Rxg6 31. fxg6 Kg7 0-1

[Event "*** SCC Grand Prix: Titled Tuesday Blitz"]
[Site "Chess.com"]
[Date "2020.10.06"]
[Round "5"]
[White "severomorskij"]
[Black "Duhless"]
[Result "1-0"]
[WhiteElo "2776"]
[BlackElo "2956"]
[TimeControl "180+1"]
[EndTime "10:56:56 PDT"]
[Termination "severomorskij won by resignation"]

1. d4 Nf6 2. c4 e6 3. Nc3 Bb4 4. Nf3 b6 5. e3 Bb7 6. Bd3 O-O 7. O-O d5 8. cxd5 exd5 9. Ne5 Bd6 10. f4 c5 11. g4 cxd4 12. exd4 Ne4 13. Be3 Nd7 14.
Nxe4 dxe4 15. Bc4 Nf6 16. g5 Nd5 17. Qb3 Nxe3 18. Bxf7+ Rxf7 19. Qxf7+ Kh8 20. Qxb7 Bxe5 21. dxe5 Nxf1 22. Rd1 Qf8 23. Rxf1 Rd8 24. Qxe4 Qc5+ 25. Kh1 g6 26. e6 Kg8 27. e7 Re8 28. Re1 Qf2 29.
a4 Qxb2 30. f5 gxf5 31. Qxf5 Qc3 32. Qe6+ Kg7 33. Rf1 Kh8 34. Qf6+ 1-0

[Event "*** SCC Grand Prix: Titled Tuesday Blitz"]
[Site "Chess.com"]
[Date "2020.10.06"]
[Round "5"]
[White "DenLaz"]
[Black "Aygehovit1992"]
[Result "1-0"]
[WhiteElo "2816"]
[BlackElo "2631"]
[TimeControl "180+1"]
[EndTime "10:56:56 PDT"]
[Termination "DenLaz won by resignation"]

1. d4 c5 2. d5 e5 3. e4 d6 4.
Bb5+ Nd7 5. a4 g6 6. Nf3 h5 7.
Nbd2 a6 8. Bd3 Bh6 9. Nc4 Qe7 10.
Bxh6 Nxh6 11. Qd2 h4 12. a5 h3 13. g3 f6 14. Nh4 Kf7 15. O-O-O Rb8 16. f3 b5 17.
axb6 Nxb6 18. Na5 Bd7 19. Nc6 Bxc6 20. dxc6 g5 21. Nf5 Nxf5 22. exf5 d5 23. Qa5 c4 24. Be2 Rhc8 25. Rxd5 Nxd5 26. Qxd5+ Kg7 27. Bxc4 Rc7 28. Rd1 Rbc8 29. Qe6 Qxe6 30. Bxe6 Re8 31. Rd7+ Re7 32. Rxe7+ Rxe7 33. Bd7 g4 34. fxg4 e4 35. Kd2 e3+ 36. Ke2 1-0

[Event "*** SCC Grand Prix: Titled Tuesday Blitz"]
[Site "Chess.com"]
[Date "2020.10.06"]
[Round "5"]
[White "kakakz"]
[Black "shineatchess"]
[Result "1-0"]
[WhiteElo "2386"]
[BlackElo "2170"]
[TimeControl "180+1"]
[EndTime "10:56:56 PDT"]
[Termination "kakakz won on time"]

1. d4 Nf6 2. c4 e6 3. Nf3 d5 4. g3 dxc4 5. Bg2 Bd7 6. Ne5 Bc6 7. Nxc6 Nxc6 8. Qa4 Qd7 9. Qxc4 Rd8 10. e3 Nd5 11. Nc3 Be7 12. O-O O-O 13. Bd2 a6 14. Rac1 Bf6 15.
Ne4 Be7 16. Rfd1 Qc8 17. a3 h6 18. b4 e5 19. dxe5 Nxe5 20. Qc2 c6 21. Be1 Nb6 22.
Bc3 Nec4 23. Qb3 Rxd1+ 24. Rxd1 Rd8 25. Bd4 Qc7 26. Rc1 Nd6 27. Nc5 Nbc8 28. Qb2 Nf5 29. Be5 Bd6 30. Bc3 1-0

[Event "*** SCC Grand Prix: Titled Tuesday Blitz"]
[Site "Chess.com"]
[Date "2020.10.06"]
[Round "5"]
[White "AniJak"]
[Black "hungrycaterpillar4"]
[Result "0-1"]
[WhiteElo "2376"]
[BlackElo "2622"]
[TimeControl "180+1"]
[EndTime "10:56:57 PDT"]
[Termination "hungrycaterpillar4 won by resignation"]

1. e4 c5 2. Nc3 g6 3. g3 Bg7 4. Bg2 Nc6 5. d3 d6 6. Nh3 h6 7. O-O e5 8. Be3 Nge7 9. Qd2 Nd4 10. f4 exf4 11. Nxf4 O-O 12. Nfd5 Nxd5 13. Nxd5 Kh7 14. c3 Ne6 15. Rf2 Nc7 16. Raf1 Nxd5 17. exd5 f5 18. d4 b6 19. b4 cxb4 20. cxb4 Ba6 21. Re1 Qd7 22. Bf1 Bxf1 23. Rfxf1 Qb5 24. Bf4 Qxd5 25. Re7 Rf7 26. Rfe1 g5 27. Rxf7 Qxf7 28. Bxd6 Re8 29. Be5 Qe6 30. d5 Qd7 31. Bxg7 Rxe1+ 32. Qxe1 Kxg7 33. Qe5+ Kf7 34. Kf2 Qc8 35. Ke1 Qc1+ 36. Ke2 Qc4+ 37. Kf2 Qxa2+ 38. Kg1 Qb1+ 39. Kg2 Qe4+ 40.
Qxe4 fxe4 41. Kf2 Kf6 42. Ke3 Ke5 43. d6 Kxd6 44. Kxe4 a5 45. bxa5 bxa5 46. Kf5 a4 47.
Kg6 a3 48. Kxh6 a2 49. Kxg5 a1=Q 50. h4 Qg7+ 51. Kf4 Qe5+ 52. Kg4 Ke6 53. h5 Qf5+ 54.
Kh4 Kf6 55. g4 Qg5+ 56. Kh3 Ke5 0-1

[Event "*** SCC Grand Prix: Titled Tuesday Blitz"]
[Site "Chess.com"]
[Date "2020.10.06"]
[Round "5"]
[White "PlotnikovPavel"]
[Black "PawnEatingZombie"]
[Result "1-0"]
[WhiteElo "2365"]
[BlackElo "2200"]
[TimeControl "180+1"]
[EndTime "10:56:57 PDT"]
[Termination "PlotnikovPavel won on time"]

1. e4 c6 2. d3 d5 3. Nd2 e5 4. Ngf3 Bd6 5. g3 Nf6 6. Bg2 O-O 7.
O-O Re8 8. b3 a5 9. Bb2 Nbd7 10.
a4 Qc7 11. Re1 dxe4 12. dxe4 Bf8 13. Nc4 b6 14. Qd2 Ba6 15. Qe2 Bc5 16. Nh4 h5 17. Nf5 Ng4 18. Rf1 b5 19. axb5 cxb5 20.
Nce3 Bxe3 21. Nxe3 b4 22. Nc4 Bxc4 23. Qxc4 Qxc4 24.
bxc4 Nc5 25. Rfd1 a4 26. Rd5 a3 27. Bc1 Ne6 28. f3 Nf6 29. Rd2 Rec8 30. c3 bxc3 31.
Rd3 Nd4 32. Bf1 a2 33. Rxc3 Rcb8 34. Ra3 Rxa3 35. Bxa3 Ra8 36. Rxa2 Nd7 37. Ra1 1-0

[Event "*** SCC Grand Prix: Titled Tuesday Blitz"]
[Site "Chess.com"]
[Date "2020.10.06"]
[Round "5"]
[White "tigra"]
[Black "Azerichess"]
[Result "1/2-1/2"]
[WhiteElo "2832"]
[BlackElo "2916"]
[TimeControl "180+1"]
[EndTime "10:56:58 PDT"]
[Termination "Game drawn - insufficient material"]

1. e4 e5 2. f4 Nf6 3. Nc3 d5 4.
exd5 e4 5. d3 Bb4 6. dxe4 Nxe4 7. Qd4 Bxc3+ 8. bxc3 O-O 9. Nf3 Re8 10. Be2 c5 11.
Qd3 Bf5 12. Ne5 f6 13. g4 fxe5 14. O-O Nf2 15. Qg3 Nxg4 16. Bxg4 Bxg4 17. Qxg4 Qxd5 18. f5 Kh8 19. Bg5 Nd7 20. f6 gxf6 21. Rad1 Qe6 22. Qxe6 Rxe6 23. Rxd7 fxg5 24. Rff7 Rh6 25. Rxb7 Re8 26.
Rxa7 e4 27. Rfe7 Rxe7 28. Rxe7 Ra6 29. Rxe4 Rxa2 30. Re5 h6 31. Rxc5 Kg7 32. Rc6 Rxc2 33. h3 h5 34. c4 h4 35. c5 Kf7 36. Rc8 Ke6 37. c6 Rc5 38. Kf2 Kd6 39. Kf3 Rc3+ 40.
Kg4 Rg3+ 41. Kf5 Rxh3 42. Kxg5 Rh1 43. Kg4 Rc1 44. Kxh4 Rxc6 45. Rxc6+ Kxc6 1/2-1/2

[Event "*** SCC Grand Prix: Titled Tuesday Blitz"]
[Site "Chess.com"]
[Date "2020.10.06"]
[Round "5"]
[White "ExcitingTrap"]
[Black "RestartingChess"]
[Result "0-1"]
[WhiteElo "2269"]
[BlackElo "2489"]
[TimeControl "180+1"]
[EndTime "10:56:58 PDT"]
[Termination "RestartingChess won by checkmate"]

1. e4 Nf6 2. e5 Nd5 3. d4 d6 4. c4 Nb6 5. f4 g6 6. Nc3 Bg7 7. Be3 O-O 8. Be2 dxe5 9. fxe5 c6 10. Nf3 Be6 11. b3 N8d7 12. O-O Rc8 13. Rc1 c5 14. d5 Bg4 15. e6 fxe6 16. Ng5 Rxf1+ 17. Qxf1 Bxe2 18. Nxe2 exd5 19. Qf7+ Kh8 20. Nf4 Ne5 21. Qe6 Qd7 22. Qxd7 Nbxd7 23. cxd5 Bf6 24. Nge6 c4 25. bxc4 Rxc4 26. Rxc4 Nxc4 27. Bxa7 b6 28. a4 Be5 29. Nd3 Bd6 30. Kf2 Kg8 31. Ke2 Kf7 32. Ng5+ Kg7 33.
Ne6+ Kf6 34. h3 Nde5 35. Nxe5 Kxe5 36. a5 bxa5 37. Nf8 Kxd5 38. Nxh7 a4 39. Nf8 a3 40.
Kd3 a2 41. Bd4 Be5 42. Nxg6 Bxd4 43. Nf4+ Ke5 44. Ne2 a1=Q 45. Kxc4 Qf1 46. Kb5 Qxe2+ 47. Kc6 Qxg2+ 48. Kd7 Qxh3+ 49. Ke8 e6 50. Ke7 Qh7+ 51.
Kd8 Kd6 52. Ke8 Qe7# 0-1

[Event "*** SCC Grand Prix: Titled Tuesday Blitz"]
[Site "Chess.com"]
[Date "2020.10.06"]
[Round "5"]
[White "GameOverBro"]
[Black "Kaslask"]
[Result "1-0"]
[WhiteElo "2504"]
[BlackElo "2336"]
[TimeControl "180+1"]
[EndTime "10:56:59 PDT"]
[Termination "GameOverBro won on time"]

1. e4 c5 2. Ne2 Nc6 3. Nbc3 g6 4. d4 cxd4 5. Nxd4 Bg7 6. Nde2 d6 7. g3 f5 8. Bg2 Nf6 9. O-O fxe4 10. Nxe4 Nxe4 11. Bxe4 O-O 12. Nf4 Bf5 13. Bd5+ Kh8 14. Ne6 Bxe6 15. Bxe6 Nd4 16. Bd5 Qb6 17. c3 Nc6 18. Qe2 Rae8 19. Be3 Qc7 20. f4 e6 21. Bg2 d5 22. Rae1 b6 23. h4 Qf7 24. h5 Qf5 25. g4 Qf6 26. Qb5 Na5 27. Bd4 Qf7 28. Bxg7+ Qxg7 29. hxg6 Qxg6 30.
g5 Nc4 31. b3 Nd2 32. Rf2 Ne4 33. Bxe4 dxe4 34. Qe5+ Kg8 35. Qxe4 Rf5 36. Kg2 Kg7 37.
Rf3 Re7 38. Qd4+ Kg8 39. Qd8+ Re8 40. Qd6 Kg7 41. Rfe3 Rd5 42. Qxd5 exd5 43. Rxe8 Qc2+ 44. R1e2 Qxc3 45. f5 1-0

[Event "*** SCC Grand Prix: Titled Tuesday Blitz"]
[Site "Chess.com"]
[Date "2020.10.06"]
[Round "5"]
[White "Sesleria"]
[Black "ZverevLev"]
[Result "0-1"]
[WhiteElo "2108"]
[BlackElo "2335"]
[TimeControl "180+1"]
[EndTime "10:56:59 PDT"]
[Termination "ZverevLev won by resignation"]

1. e4 e5 2. Nf3 Nc6 3. Bb5 a6 4. Ba4 Nf6 5. d3 Bc5 6. c3 b5 7. Bb3 d6 8. h3 Bb6 9. Nbd2 h6 10. Nf1 O-O 11. Ne3 Be6 12. O-O Ne7 13. a4 c5 14.
axb5 axb5 15. Rxa8 Qxa8 16. Nh4 d5 17. exd5 Nexd5 18. Nxd5 Nxd5 19. Qf3 Nf6 20. Qxa8 Rxa8 21. Bxe6 fxe6 22.
Be3 Nd5 23. Nf3 Nxe3 24. fxe3 c4 25. d4 exd4 26. exd4 Ra2 27. Rf2 Bc7 28. Re2 Bg3 29. Nh2 Ra1+ 30. Nf1 Kf7 31. Re3 Bd6 32. Rf3+ Ke7 33.
Kf2 Rb1 34. Ke3 Rxb2 35. Nd2 Rc2 36. Ne4 Ba3 37. g4 Bc1+ 38. Nd2 Rxd2 0-1

[Event "*** SCC Grand Prix: Titled Tuesday Blitz"]
[Site "Chess.com"]
[Date "2020.10.06"]
[Round "5"]
[White "IANOV0007"]
[Black "Evandro_Barbosa"]
[Result "0-1"]
[WhiteElo "2431"]
[BlackElo "2609"]
[TimeControl "180+1"]
[EndTime "10:57:01 PDT"]
[Termination "Evandro_Barbosa won by checkmate"]

1. Nf3 c5 2. g3 Nc6 3. Bg2 g6 4. c4 Bg7 5. Nc3 e5 6. d3 d6 7. Nd2 Nge7 8. Nf1 O-O 9. Ne3 a6 10. Ned5 Rb8 11. Bg5 f6 12. Bd2 b5 13. b3 b4 14. Nxe7+ Nxe7 15. Nd5 Be6 16. a3 a5 17. axb4 axb4 18. Nxe7+ Qxe7 19. Ra6 Rfd8 20. O-O Qf7 21.
Qa1 d5 22. Rxe6 Qxe6 23. Bxd5 Rxd5 24. cxd5 Qxd5 25. Qb1 f5 26. Be3 Ra8 27. Rc1 e4 28. Rxc5 Qd6 29. Qc2 exd3 30. exd3 Bc3 31. d4 Ra1+ 32. Kg2 Qa6 33. Rc4 Qa8+ 34. Kh3 Rg1 35. Rxc3 Qg2+ 36. Kh4 Qxh2+ 37. Kg5 bxc3 38. Qxc3 Rxg3+ 39. fxg3 Qxg3+ 40. Kf6 Qd6+ 41. Kg5 Kf7 42. Bf2 h6+ 43.
Kxh6 Qf4+ 44. Kh7 Qh2+ 45. Bh4 Qxh4# 0-1

[Event "*** SCC Grand Prix: Titled Tuesday Blitz"]
[Site "Chess.com"]
[Date "2020.10.06"]
[Round "5"]
[White "vinniethepooh"]
[Black "andresgv36"]
[Result "0-1"]
[WhiteElo "2560"]
[BlackElo "2423"]
[TimeControl "180+1"]
[EndTime "10:57:02 PDT"]
[Termination "andresgv36 won on time"]

1. d4 Nf6 2. c4 e6 3. Nc3 Bb4 4. f3 c5 5. d5 b5 6. e4 O-O 7. e5 Ne8 8. f4 d6 9. Nf3 exd5 10.
cxd5 Qb6 11. Bd2 c4 12. a4 Nc7 13. axb5 Nd7 14. Be2 Bb7 15. Na4 Qxb5 16. Nd4 Qa5 17. Nc6 Bxc6 18. dxc6 Nc5 19. Nxc5 Bxd2+ 20. Qxd2 Qxa1+ 21. Kf2 Qxh1 22. exd6 Ne6 23. Nxe6 fxe6 24. d7 Qxh2 25.
Bf3 Qh4+ 26. g3 Qe7 27. c7 Qc5+ 28. Kg2 Qxc7 29. Bxa8 Rxa8 30. Qd4 Rd8 31. f5 Qxd7 32. Qe5 Qd5+ 0-1

[Event "*** SCC Grand Prix: Titled Tuesday Blitz"]
[Site "Chess.com"]
[Date "2020.10.06"]
[Round "5"]
[White "maxsergej"]
[Black "renehp"]
[Result "0-1"]
[WhiteElo "2127"]
[BlackElo "2473"]
[TimeControl "180+1"]
[EndTime "10:57:03 PDT"]
[Termination "renehp won by resignation"]

1. e4 d5 2. exd5 Nf6 3. Bb5+ Nbd7 4. Nc3 g6 5. d4 Bg7 6. Be3 O-O 7. h3 Nb6 8. Be2 Nfxd5 9. Nxd5 Nxd5 10. Nf3 c5 11. O-O Nxe3 12. fxe3 Bh6 13. Qd2 cxd4 14. Qxd4 Bf5 15.
c4 Bg7 16. Qxd8 Rfxd8 17. g4 Bd3 18. Bxd3 Rxd3 19. Rad1 Rad8 20. Rxd3 Rxd3 21. b3 Rxe3 22. Kf2 Rc3 23. Re1 e6 24. Re2 Bf8 25. Rd2 a5 26.
Ng5 h6 27. Ne4 Rxh3 28. Rd7 Bb4 29. Kg2 Re3 30. Nf6+ Kg7 31. Ne8+ Kf8 32. Nf6 Bc3 33. g5 hxg5 34. Nh7+ Ke8 35. Rxb7 g4 36. Ng5 Be5 37. Nxf7 Bf4 38. Nh8 Re2+ 39. Kf1 Rxa2 40. Nxg6 Bd6 41.
Rb6 Kd7 42. Rb7+ Kc6 43. Ra7 g3 44. Nf8 g2+ 0-1

[Event "*** SCC Grand Prix: Titled Tuesday Blitz"]
[Site "Chess.com"]
[Date "2020.10.06"]
[Round "5"]
[White "fabianvivasz"]
[Black "Falcon28dz"]
[Result "0-1"]
[WhiteElo "2351"]
[BlackElo "2227"]
[TimeControl "180+1"]
[EndTime "10:57:03 PDT"]
[Termination "Falcon28dz won on time"]

1. e4 e6 2. d4 d5 3. Nd2 Nf6 4.
e5 Nfd7 5. Bd3 c5 6. c3 Nc6 7.
Ngf3 g6 8. h4 h6 9. a3 Qb6 10.
Qa4 Be7 11. Nf1 a6 12. Ng3 cxd4 13. cxd4 Qa5+ 14. Qxa5 Nxa5 15. Be3 b5 16. Ke2 Nb6 17. Nd2 Nac4 18. Nxc4 bxc4 19. Bc2 Bd7 20. b3 cxb3 21.
Bxb3 Bb5+ 22. Kf3 Kd7 23. h5 g5 24. a4 Bc4 25. Rhb1 Rhb8 26. a5 Bxb3 27. axb6 Rxb6 28. Nf1 Rab8 29. Nd2 Bc2 30. Rxb6 Rxb6 31. Rc1 Bd3 32.
Ra1 Bb4 33. g4 a5 34. Nb3 Rb5 35. Ra2 Bc4 36. Rb2 Bc3 0-1

[Event "*** SCC Grand Prix: Titled Tuesday Blitz"]
[Site "Chess.com"]
[Date "2020.10.06"]
[Round "5"]
[White "PotapovaM"]
[Black "Tsyhanchuk_Stanislav"]
[Result "1-0"]
[WhiteElo "2562"]
[BlackElo "2397"]
[TimeControl "180+1"]
[EndTime "10:57:04 PDT"]
[Termination "PotapovaM won by resignation"]

1. d4 Nf6 2. c4 g6 3. Nc3 Bg7 4. e4 O-O 5. h3 c5 6. d5 d6 7.
Nf3 e6 8. Bd3 exd5 9. exd5 Re8+ 10. Be3 Bf5 11. O-O Ne4 12. Bxe4 Bxe4 13. Nd2 Bxc3 14.
bxc3 Nd7 15. Re1 Bd3 16. Bh6 Qf6 17. Rc1 Rxe1+ 18. Qxe1 g5 19. Qe3 Qxh6 20. Qxd3 Re8 21. Ne4 f5 22. Ng3 f4 23. Nf5 Qf6 24. g4 Ne5 25.
Qe4 h5 26. f3 hxg4 27. hxg4 Qg6 28. Kg2 Kf7 29. Rh1 b5 30. Rh6 Nxg4 31. Nxd6+ Kf8 32.
Qxg6 Re2+ 33. Kf1 Rf2+ 34. Ke1 1-0

[Event "*** SCC Grand Prix: Titled Tuesday Blitz"]
[Site "Chess.com"]
[Date "2020.10.06"]
[Round "5"]
[White "ARTHURMOTIVATOR"]
[Black "TudorAnton"]
[Result "0-1"]
[WhiteElo "2331"]
[BlackElo "2504"]
[TimeControl "180+1"]
[EndTime "10:57:04 PDT"]
[Termination "TudorAnton won by resignation"]

1. e4 c5 2. b3 d5 3. exd5 Qxd5 4.
Nc3 Qe5+ 5. Be2 Bg4 6. Bb2 Nc6 7. Rb1 Nd4 8. Nb5 Nf6 9. h3 Bxe2 10. Nxe2 Qxe2+ 11.
Qxe2 Nxe2 12. Kxe2 Nd5 13. Rhe1 a6 14. Nc3 Nxc3+ 15.
Bxc3 f6 16. Kf1 Kf7 17. f4 Rd8 18. Re4 e6 19. Rbe1 Rd6 20. d4 Rc6 21. R1e2 cxd4 22. Bxd4 Ba3 23. c4 Rd8 24. Bc3 Rd7 25. Rd2 Rxd2 26.
Bxd2 Rd6 27. Ke2 Bb2 28. c5 Rd5 29. Be3 Bc3 30. Rc4 Ba5 31. c6 bxc6 32. Rxc6 e5 33. f5 e4 34. g4 g6 35. fxg6+ hxg6 36. Rxa6 f5 37. a3 Bc3 38. Ra7+ Ke6 39. Rc7 Be5 40.
Rc6+ Kf7 41. gxf5 gxf5 42. Rc5 Rxc5 43. Bxc5 f4 44. a4 Ke6 45. a5 Kd5 46. a6 f3+ 47.
Kf2 Kxc5 48. a7 Bd4+ 49. Kg3 f2 50. a8=Q f1=Q 51. Qa7+ Kd5 52. Qd7+ Kc5 53. Qa7+ Kd5 54. Qd7+ Ke5 55. Qg7+ Qf6 56. Qxf6+ Kxf6 57. Kf4 e3 58.
Ke4 e2 59. Kf4 e1=Q 0-1

[Event "*** SCC Grand Prix: Titled Tuesday Blitz"]
[Site "Chess.com"]
[Date "2020.10.06"]
[Round "5"]
[White "vrekhson"]
[Black "KatarinaOstojic"]
[Result "1/2-1/2"]
[WhiteElo "2209"]
[BlackElo "2358"]
[TimeControl "180+1"]
[EndTime "10:57:04 PDT"]
[Termination "Game drawn by agreement"]

1. e4 c5 2. Nf3 d6 3. d4 cxd4 4.
Qxd4 Nf6 5. Bg5 Nc6 6. Bb5 Qa5+ 7. Nc3 Qxb5 8. Nxb5 Nxd4 9. Nfxd4 Nxe4 10. Nc7+ Kd8 11. Nxa8 Nxg5 12. Nb5 a6 13. Nc3 Bf5 14. O-O-O e6 15.
Nb6 Kc7 16. Nc4 Be7 17. Ne3 Bg6 18. f4 Ne4 19. Nxe4 Bxe4 20. Rhe1 f5 21. g3 Bf6 22. c3 Rd8 23. g4 fxg4 24. Nxg4 Bf3 25. Nxf6 Bxd1 26. Nxh7 Bg4 27. Ng5 Re8 28. Kd2 Kd7 29.
Ke3 e5 30. Rg1 Bf5 31. Nf3 exf4+ 32. Kxf4 Be4 33. Rxg7+ Kc6 34. Nd4+ Kb6 35. h4 Bb1 36. h5 Bxa2 37. h6 Rh8 38. Kg5 Bb1 39. Nf5 Bxf5 40. Kxf5 Rxh6 41. Ke4 Rh2 42. b4 Kc6 43. Kd4 Rh4+ 44.
Kd3 b6 45. Rg8 a5 46. bxa5 bxa5 47. Ra8 a4 48. Kc2 Kc5 49. Ra5+ Kc6 50. Ra6+ Kd7 51. Ra7+ Ke6 52. Kd3 d5 53. Ra8 Rc4 54. Re8+ Kd6 55.
Rd8+ Ke5 56. Re8+ Kf6 57. Rf8+ Ke7 58. Rf5 Ke6 59. Rh5 a3 60. Rh6+ Ke5 61. Ra6 a2 62. Rxa2 Rg4 63. Re2+ Kd6 64. Re3 Kc5 65. Rh3 Kd6 66.
Rh6+ 1/2-1/2

[Event "*** SCC Grand Prix: Titled Tuesday Blitz"]
[Site "Chess.com"]
[Date "2020.10.06"]
[Round "5"]
[White "chessfrendz"]
[Black "nitpicker"]
[Result "1-0"]
[WhiteElo "2383"]
[BlackElo "2243"]
[TimeControl "180+1"]
[EndTime "10:57:05 PDT"]
[Termination "chessfrendz won on time"]

1. d4 Nf6 2. c4 e6 3. Nc3 Bb4 4. e3 d5 5. Nf3 O-O 6. cxd5 exd5 7. Bd3 Bd6 8. O-O c6 9. Qc2 Re8 10. Bd2 Bg4 11. Ng5 h6 12. Bh7+ Kf8 13. Nxf7 Kxf7 14.
Bg6+ Kg8 15. Bxe8 Qxe8 16. f3 Bh5 17. Rae1 Qd8 18. e4 Bc7 19. e5 Nh7 20. g4 Be8 21. f4 Nd7 22. f5 Qh4 23. Qd1 Ng5 24. Re3 Nxe5 25. dxe5 d4 26. Be1 Nh3+ 27. Kg2 Qg5 28.
Rxh3 dxc3 29. Bxc3 Rd8 30. Qe2 c5 31. Kg1 b5 32. b3 Bb6 33. Rd1 Bc6 34. Rxd8+ Qxd8 35. e6 c4+ 36. Kf1 Qd5 37. Ke1 Qh1+ 38. Kd2 Qd5+ 39. Kc2 cxb3+ 40. axb3 1-0

[Event "*** SCC Grand Prix: Titled Tuesday Blitz"]
[Site "Chess.com"]
[Date "2020.10.06"]
[Round "5"]
[White "Onischuk_V"]
[Black "LiemLe"]
[Result "0-1"]
[WhiteElo "2862"]
[BlackElo "2992"]
[TimeControl "180+1"]
[EndTime "10:57:06 PDT"]
[Termination "LiemLe won on time"]

1. Nf3 Nf6 2. g3 c5 3. Bg2 Nc6 4. O-O d5 5. d3 e6 6. Nbd2 Be7 7.
e4 O-O 8. Re1 Qc7 9. e5 Nd7 10.
Qe2 b5 11. Nf1 b4 12. h4 a5 13. N1h2 Re8 14. Bf4 Bf8 15. Ng4 a4 16. h5 h6 17.
Qd2 a3 18. b3 Nd4 19. Nxd4 cxd4 20. Nh2 Nb8 21. Nf3 Nc6 22. g4 Ra7 23. g5 hxg5 24.
Nxg5 Qd8 25. Bh3 f5 26. Kh1 Rc7 27. Rg1 Na7 28. f3 Ree7 29. Qh2 Qe8 30. Bf1 Kh8 31. Nh3 Qxh5 32. Rg5 Qh4 33. Bg3 Qh6 34. Bf4 Qh4 35.
Bg3 Qh7 36. Kg1 Nb5 37. Qg2 g6 38. Nf4 Bh6 39. Nxg6+ Kg7 40. Nxe7+ Bxg5 41. Nxc8 Kf8 42. Bf2 Rg7 43. Nd6 Nxd6 44. exd6 Be3 45. Bxe3 dxe3 46. Re1 f4 0-1